 Dungeon Crawl Stone Soup version 0.30-a0-219-gf2db51d15e (webtiles) character file.

Game seed: 9258224742671385561

115 KennySheep the Shooter (level 5, -2/32 HPs)
             Began as a Tengu Hunter on Oct 8, 2022.
             Was a Believer of Cheibriados.
             Slain by a gnoll
             ... wielding a +0 halberd
              (5 damage)
             ... on level 2 of the Dungeon.
             The game lasted 00:03:46 (1701 turns).

KennySheep the Shooter (Tengu Hunter)               Turns: 1701, Time: 00:03:47

Health: -2/32      AC: 11    Str: 15    XL:     5   Next: 0%
Magic:  6/6        EV:  9    Int: 13    God:    Cheibriados [**....]
Gold:   19         SH:  0    Dex: 24    Spells: 4/4 levels left

rFire   . . .      SeeInvis .    a - +0 shortbow
rCold   . . .      Faith    .    (shield currently unavailable)
rNeg    . . .      Spirit   .    f - +0 chain mail
rPois   .          Reflect  .    (helmet restricted)
rElec   .          Harm     .    n - +2 cloak
rCorr   .          Rampage  .    (no gloves)
Will    .....                    (boots unavailable)
Stlth   ..........               (no amulet)
HPRegen 0.25/turn                (no ring)
MPRegen 0.10/turn                (no ring)

@: flying quickly and evasively, very slow
A: beak, talons 3, nimble flight
a: Renounce Religion, Bend Time


You were on level 2 of the Dungeon.
You worshipped Cheibriados.
Cheibriados was pleased with you.
You visited 1 branch of the dungeon, and saw 2 of its levels.

You collected 19 gold pieces.

Inventory:

Hand Weapons
 a - a +0 shortbow (weapon)
Armour
 c - a +0 leather armour
 f - a +0 chain mail (worn)
 n - a +2 cloak (worn)
Scrolls
 b - a scroll of immolation
 d - a scroll of butterflies {unknown}
 g - a scroll of noise {unknown}
 h - a scroll of vulnerability {unknown}
 i - a scroll of torment {unknown}
 j - a scroll of enchant weapon {unknown}
 k - 3 scrolls of teleportation {unknown}
 l - a scroll of identify {unknown}
 m - a scroll of summoning {unknown}
Potions
 e - 2 potions of curing


   Skills:
 + Level 2.8 Fighting
 * Level 5.3 Ranged Weapons
 * Level 2.1 Armour
 + Level 3.0 Dodging
 - Level 1.0 Stealth


You had 4 spell levels left.
You didn't know any spells.
Your spell library was empty.

Dungeon Overview and Level Annotations

Branches:
Dungeon (2/15)

Altars:
Cheibriados
Hepliaklqana

Shops:
D:2 :


Innate Abilities, Weirdness & Mutations

You have a beak for a mouth.
You have claws for feet.
Your magical nature lets you fly swiftly and evasively.


Message History

The gnoll throws a poisoned dart.
The poisoned dart hits you!
You are poisoned.
You feel very sick. The bat barely misses you.
The bat hits you but does no damage.
There is a stone staircase leading down here.
You shoot an arrow. The arrow closely misses the bat.
The arrow completely misses the gnoll.
The arrow closely misses the gnoll.
You feel sick.
The bat barely misses you. x2; The bat completely misses you.
You shoot an arrow.
The arrow hits the bat but does no damage.
You feel sick. The bat hits you.
* * * LOW HITPOINT WARNING * * *
The bat closely misses you. The bat barely misses you.
You feel better. The bat hits you but does no damage. x2
You shoot an arrow. The arrow barely misses the bat.
The arrow barely misses the gnoll. x2; The bat hits you but does no damage. x2
You shoot an arrow. The arrow misses the bat.
The arrow hits the gnoll.
You kill the gnoll!
Cheibriados appreciates the change of pace.
The bat barely misses you. x2
The gnoll hits you from afar with a +0 halberd.
Your Dodging skill increases to level 3!
You shoot an arrow. The arrow misses the bat.
The arrow completely misses the gnoll.
The bat barely misses you. The bat closely misses you.
The gnoll hits you but does no damage.
You shoot an arrow. The arrow hits the bat.
You kill the bat!
Cheibriados thoroughly appreciates the change of pace.
The gnoll hits you from afar with a +0 halberd!
* * * LOW HITPOINT WARNING * * *
The gnoll hits you from afar with a +0 halberd.
* * * LOW HITPOINT WARNING * * *
You have reached level 5!
Your magical nature develops, letting you fly swiftly and evasively.
Things that are here:
a +0 club; a +0 whip; a quokka corpse You shoot an arrow.
The arrow hits the gnoll!
The gnoll is severely wounded.
The gnoll hits you from afar with a +0 halberd.
You die...

####..............##...#####.#
.............................#
##########.######............#
#.# #####.######.# #.# #.# #(#
#.# #.# #.# #.# #.# #.#
#.##########.# #.#
#...)g>@.....# #.#
#..########### #$†# #..# ...#
....# ...... .......


You could see a gnoll.

Vanquished Creatures
  Jessica (D:2)
  5 gnolls
  An adder (D:2)
  An orc (D:2)
  3 bats
  2 endoplasms (D:2)
  2 giant cockroaches (D:1)
  2 hobgoblins (D:1)
  6 jackals
  A quokka (D:2)
  A ball python (D:1)
  3 frilled lizards
  3 kobolds
  4 rats
35 creatures vanquished.

Vanquished Creatures (others)
  20 plants (D:2)
20 creatures vanquished.

Grand Total: 55 creatures vanquished

Notes
Turn   | Place    | Note
-------+----------+-------------------------------------------
     0 | D:1      | KennySheep the Tengu Hunter began the quest for the Orb.
     0 | D:1      | Reached XP level 1. HP: 12/12 MP: 2/2
    73 | D:1      | Reached XP level 2. HP: 6/17 MP: 3/3
   433 | D:1      | Found a faded altar of an unknown god.
   458 | D:1      | Prayed at the altar of an unknown god.
   458 | D:1      | Became a worshipper of Cheibriados the Contemplative
   458 | D:1      | Reached * piety under Cheibriados
   680 | D:1      | Reached skill level 1 in Armour
   680 | D:1      | Reached XP level 3. HP: 22/22 MP: 4/4
  1285 | D:2      | Found a hazy altar of Hepliaklqana.
  1334 | D:2      | Noticed Jessica
  1336 | D:2      | Killed Jessica
  1337 | D:2      | Reached skill level 5 in Ranged Weapons
  1337 | D:2      | Reached XP level 4. HP: 27/27 MP: 5/5
  1399 | D:2      | Reached ** piety under Cheibriados
  1485 | D:2      | Found Keduo's Book Emporium.
  1700 | D:2      | Gained mutation: Your magical nature lets you fly swiftly
                  | and evasively. [Tengu growth]
  1700 | D:2      | Reached XP level 5. HP: 3/32 MP: 6/6
  1701 | D:2      | Slain by a gnoll

Illustrated notes

Levels and vault maps discovered:
D:1:      matt_arrival_refuge, layout_basic,
          shapermc_ecumenical_altar_mp_vishouse, roderic_lattice_a
D:2:      minmay_general_purpose_star, layout_loops_ring, basic_altar,
          serial_shops, shop, nicolae_grassy_gnolls, uniq_jessica

Skill      XL: |  1  2  3  4 |
---------------+-------------+-----
Armour         | 1 2 |  2.1
Ranged Weapons | 5 |  5.3
Dodging        | 3 |  3.0
Fighting       | |  2.8
Stealth        | |  1.0

Action                   |  1- 3 |  4- 6 || total
-------------------------+-------+-------++-------
 Fire: Shortbow          |    60 |    46 ||   106
  Use: Potion            |       |     2 ||     2
Armor: Chain mail        |    50 |    49 ||    99
Dodge: Dodged            |    18 |    41 ||    59

Table legend: (Time is in decaauts)
 A = Elapsed time spent in this place.
 B = Non-inter-level travel time spent in this place.
 C = Inter-level travel time spent in this place.
 D = Time resting spent in this place.
 E = Time spent auto-exploring this place.
 F = Levels seen in this place.
 G = Mean time per level.
                   A        B        C        D        E       F      G
               +--------+--------+--------+--------+--------+-----+--------+
         Total |   2215 |   2109 |    106 |      0 |   1747 |   2 | 1107.5 |
       Dungeon |   2215 |   2109 |    106 |      0 |   1747 |   2 | 1107.5 |
               +--------+--------+--------+--------+--------+-----+--------+

Top non-repeatable levels by time:
     D:1: 1633 daAuts
     D:2: 581 daAuts
